 Dungeon Crawl Stone Soup version 0.31-a0-360-gb3e1d13bf4 (console) character file.

Game seed: 15985658813662682550

19807 jejorda2 the Protected (level 12, -2/145 HPs)
             Began as a Gnoll Berserker on July 26, 2023.
             Was a High Priest of Trog.
             Slain by a redback (6 damage)
             ... in a Gauntlet.
             The game lasted 00:39:34 (12452 turns).

jejorda2 the Protected (Gnoll Berserker)           Turns: 12452, Time: 00:39:35

Health: -2/145     AC: 24    Str: 21    XL:     12   Next: 72%
Magic:  23/23      EV: 10    Int:  7    God:    Trog [*****.]
Gold:   767        SH:  0    Dex: 12    Spells: 26/26 levels left

rFire   + . .        b - +0 broad axe
rCold   + + .        (no shield)
rNeg    . . .        G - +1 plate armour {rC+}
rPois   +            C - +0 helmet
rElec   +            i - +0 cloak
rCorr   +            w - +0 pair of gloves
SInv    +            H - +2 pair of boots {rampage}
Will    +....        E - amulet of faith Stlth
                     k - ring of see invisible
HPRegen 0.44/turn    K - ring of willpower
MPRegen 0.18/turn

%: no teleportation, rampage, faith
@: berserking (expiring), resistant, studying Armour, invisible, very quick
A: fangs 1, strong nose, distributed training
a: Renounce Religion, Berserk, Trog's Hand, Brothers in Arms


You were in a Gauntlet.
You worshipped Trog.
Trog was extremely pleased with you.
You visited 2 branches of the dungeon, and saw 12 of its levels.
You also visited: Sewer, Ossuary and Gauntlet.

You collected 1866 gold pieces.
You spent 1099 gold pieces at shops.

Inventory:

Hand Weapons
 b - a +0 broad axe (weapon)
 d - a +1 triple sword of flaming
Missiles
 f - 85 stones (quivered)
 m - 14 poisoned darts
 o - 9 boomerangs
 I - 2 curare-tipped darts
Armour
 a - a +0 buckler
 i - a +0 cloak (worn)
 w - a +0 pair of gloves (worn)
 B - a +2 scale mail of fire resistance
 C - a +0 helmet (worn)
 G - a +1 plate armour of cold resistance (worn)
 H - a +2 pair of boots of rampaging (worn)
Jewellery
 k - a ring of see invisible (left hand)
 n - a ring of ice
 E - an amulet of faith (around neck)
 F - an amulet of regeneration
 J - a ring of ice
 K - a ring of willpower (right hand)
Wands
 l - a wand of charming (4)
 y - a wand of flame (15)
 A - a wand of roots (14)
Scrolls
 g - 2 scrolls of fog
 h - 6 scrolls of teleportation
 v - 2 scrolls of immolation
 z - a scroll of butterflies
 M - a scroll of silence
Potions
 c - 2 potions of lignification {unknown}
 e - 3 potions of invisibility
 j - 4 potions of haste
 p - 2 potions of curing
 q - a potion of resistance
 r - a potion of attraction {unknown}
 s - 4 potions of enlightenment
 t - 8 potions of heal wounds
 u - 2 potions of might
 x - 4 potions of mutation
 D - a potion of brilliance {unknown}


   Skills:
 + Level 10.2 Fighting
 + Level 7.7 Short Blades
 + Level 7.7 Long Blades
 + Level 7.7 Axes
 + Level 7.7 Maces & Flails
 + Level 7.7 Polearms
 + Level 7.7 Staves
 + Level 7.7 Ranged Weapons
 + Level 7.7 Throwing
 + Level 11.8 Armour
 + Level 9.0 Dodging
 + Level 7.7 Stealth
 + Level 7.7 Shields
 + Level 10.2 Unarmed Combat
 + Level 7.7 Spellcasting
 + Level 6.4 Conjurations
 + Level 6.4 Hexes
 + Level 6.4 Summonings
 + Level 6.4 Necromancy
 + Level 6.4 Translocations
 + Level 6.4 Transmutations
 + Level 6.4 Fire Magic
 + Level 6.4 Ice Magic
 + Level 6.4 Air Magic
 + Level 6.4 Earth Magic
 + Level 6.4 Poison Magic
 + Level 8.4 Invocations
 + Level 7.7 Evocations
 + Level 6.4 Shapeshifting


You had 26 spell levels left.
You didn't know any spells.
Your spell library was empty.

Dungeon Overview and Level Annotations

Branches:
Dungeon (11/15)            Temple (0/1) D:7            Lair (1/5) D:10
    Orc (0/2) D:11          Sewer (visited)         Ossuary (visited)
Gauntlet (1/1)

Altars:
Ashenzari
Dithmenos
Elyvilon
Gozag
Ru
Wu Jian
Yredelemnul
Zin

Shops:
D:5 [   D:6 !   D:8 *   D:9 (:

Annotations:
Gauntlet 7 transporters


Innate Abilities, Weirdness & Mutations

You have very sharp teeth.
Your uncanny sense of smell can sniff out nearby items.
Your experience applies equally to all skills.


Message History

Unknown command.
Unknown command.
You slash the redback!
You kill the redback!
Trog accepts your kill.
You slash the redback!
You catch the helpless wolf spider completely off-guard!
You hit the wolf spider.
The redback bites you but does no damage.
You slash the redback! You bite the redback.
The redback is heavily wounded.
You slash the wolf spider! You closely miss the redback.
The redback bites you but does no damage.
The wolf spider hits you but does no damage.
The wolf spider bites you but does no damage.
The redback bites you. The wolf spider closely misses you.
The wolf spider misses you.
Unknown command.
You slice the redback!!
You kill the redback!
Trog accepts your kill.
You strike the helpless redback from behind!
You slash the redback!
You kill the redback!
Trog accepts your kill.
You hit the wolf spider. The wolf spider hits you!!
* * * LOW HITPOINT WARNING * * *
The wolf spider bites you!
* * * LOW HITPOINT WARNING * * *
The redback bites you but does no damage.
Unknown command.
Unknown command.
You slash the wolf spider!
The wolf spider is heavily wounded.
You completely miss the redback. The wolf spider hits you!!
* * * LOW HITPOINT WARNING * * *
The wolf spider bites you.
* * * LOW HITPOINT WARNING * * *
The redback bites you.
You die...

##≈.#...©...#...#.8.##.
#≈≈.#########.8.#.©....
##≈....#©..8#.⌠.#.8.##.
##..8.#...©#.8.#...#
##≈....#©..8#...#...#
#≈≈.#########...#≈≈≈#
##≈.#....y..#..###≈##
##.#.##ss#.#.## ##
##≈.#.##@...#.≈##
#≈≈.#...###.#.≈≈#
##≈.#...###.#.≈##
##.#...###y#.##
##≈.#..[©.=s#.≈##
#≈≈.#########.≈≈#
##≈....#©..8#.≈##
##..8.#...©#.##
##≈....#©..8#.≈##


You could see a wolf spider (berserk, unable to see you), a moth of wrath
(unable to see you) and a redback (unable to see you).

Vanquished Creatures
  Fannar (D:10)
  Erica (D:9)
  2 two-headed ogres (D:11)
  A cyclops (D:11)
  A moth of wrath (Gauntlet)
  An eye of devastation (Gauntlet)
  Joseph (D:7)
  A cane toad (Lair:1)
  3 kobold demonologists (D:11)
  A gargoyle (D:11)
  A rime drake (D:10)
  An unseen horror (D:11)
  A troll (D:10)
  A polar bear (D:10)
  5 slime creatures (D:11)
  Sigmund (D:4)
  2 wraiths
  A vampire (D:10)
  Eustachio (D:6)
  A golden eye (Gauntlet)
  33 yaks
  Grum (D:9)
  2 steam dragons (D:9)
  3 redbacks (Gauntlet)
  2 swamp worms (Gauntlet)
  2 water moccasins (Lair:1)
  9 orc warriors
  The ghost of bahustanut the Chopper, an amateur OgGl (D:3)
  Pargi (Sewer)
  7 ice beasts
  An ogre (D:6)
  A black bear (D:5)
  2 sky beasts
  10 wolves
  3 centaurs
  5 bullfrogs
  3 kobold brigands
  4 scorpions
  4 water moccasin zombies
  7 wights
  3 killer bees (D:11)
  5 howler monkeys
  An electric eel (Lair:1)
  A gnoll bouda (D:7)
  3 hounds
  6 orc priests
  5 jellies
  Ijyb (D:5)
  Crazy Yiuf (D:3)
  3 iguanas
  A scorpion zombie (D:4)
  9 orc wizards
  2 mummies (Ossuary)
  6 gnolls (D:7)
  11 adders
  2 shadow imps (D:6)
  A white imp (D:7)
  An ufetubus (D:7)
  5 adder zombies (Ossuary)
  A worm (D:2)
  3 dart slugs
  31 orcs
  4 endoplasms
  5 giant cockroaches
  6 gnoll zombies (Ossuary)
  8 goblins
  7 hobgoblins
  3 quokkas
  6 ball pythons
  7 bats
  4 frilled lizards
  2 hobgoblin zombies (Ossuary)
  16 kobolds
  5 kobold zombies (Ossuary)
  5 orc zombies (Ossuary)
  8 rats
317 creatures vanquished.

Notes
Turn   | Place    | Note
-------+----------+-------------------------------------------
     0 | D:1      | jejorda2 the Gnoll Berserker began the quest for the Orb.
     0 | D:1      | Reached XP level 1. HP: 23/23 MP: 1/1
   172 | D:1      | Reached XP level 2. HP: 28/29 MP: 2/2
   644 | D:2      | Found a faded altar of an unknown god.
   725 | D:2      | Reached XP level 3. HP: 35/35 MP: 3/3
   815 | D:2      | Reached ** piety under Trog
   886 | D:2      | Reached skill level 1 in Invocations
   958 | D:2      | Reached skill level 1 in Short Blades
   958 | D:2      | Reached skill level 1 in Long Blades
   958 | D:2      | Reached skill level 1 in Axes
   958 | D:2      | Reached skill level 1 in Maces & Flails
   958 | D:2      | Reached skill level 1 in Polearms
   958 | D:2      | Reached skill level 1 in Staves
   958 | D:2      | Reached skill level 1 in Ranged Weapons
   958 | D:2      | Reached skill level 1 in Throwing
   958 | D:2      | Reached skill level 1 in Stealth
   958 | D:2      | Reached skill level 1 in Shields
   958 | D:2      | Reached skill level 1 in Spellcasting
   958 | D:2      | Reached skill level 1 in Evocations
   990 | D:2      | Reached XP level 4. HP: 41/41 MP: 5/5
  1303 | D:3      | Identified 2 scrolls of acquirement
  1303 | D:3      | Acquired a manual of Armour
  1305 | D:3      | Acquired 1040 gold pieces
  1343 | D:3      | Noticed bahustanut's ghost (amateur OgGl)
  1356 | D:3      | Reached skill level 1 in Conjurations
  1356 | D:3      | Reached skill level 1 in Hexes
  1356 | D:3      | Reached skill level 1 in Summonings
  1356 | D:3      | Reached skill level 1 in Necromancy
  1356 | D:3      | Reached skill level 1 in Translocations
  1356 | D:3      | Reached skill level 1 in Transmutations
  1356 | D:3      | Reached skill level 1 in Fire Magic
  1356 | D:3      | Reached skill level 1 in Ice Magic
  1356 | D:3      | Reached skill level 1 in Air Magic
  1356 | D:3      | Reached skill level 1 in Earth Magic
  1356 | D:3      | Reached skill level 1 in Poison Magic
  1356 | D:3      | Reached skill level 1 in Shapeshifting
  1361 | D:3      | Found a runed translucent gate.
  1361 | D:3      | Found a runed translucent gate.
  1363 | D:3      | Found a runed translucent gate.
  1386 | D:3      | Found a glowing drain.
  1408 | Sewer    | Entered a sewer
  1546 | Sewer    | Reached XP level 5. HP: 47/47 MP: 5/7
  1615 | Sewer    | Noticed Pargi
  1625 | Sewer    | Killed Pargi
  1626 | Sewer    | Reached skill level 5 in Armour
  1917 | D:3      | Reached XP level 6. HP: 53/53 MP: 8/8
  1933 | D:3      | Found an ornate altar of the Wu Jian Council.
  2164 | D:3      | Found a runed translucent door.
  2165 | D:3      | Noticed Crazy Yiuf
  2166 | D:3      | Identified the +1 hammer of Tortfeasance {vamp, rElec Int+3
                  | Dex+3}
  2172 | D:3      | Killed Crazy Yiuf
  2331 | D:3      | Reached skill level 5 in Dodging
  2340 | D:3      | Killed bahustanut's ghost
  2437 | D:4      | Found a broken altar of Ashenzari.
  2452 | D:4      | Found an opulent altar of Gozag.
  2761 | D:4      | Reached XP level 7. HP: 54/60 MP: 10/10
  2843 | D:4      | Noticed Sigmund
  2858 | D:4      | Killed Sigmund
  3107 | D:4      | Reached skill level 6 in Armour
  3121 | D:4      | Found a basalt altar of Yredelemnul.
  3546 | D:5      | Entered Level 5 of the Dungeon
  3554 | D:5      | Reached XP level 8. HP: 67/67 MP: 12/12
  4143 | D:5      | Noticed Ijyb
  4151 | D:5      | Killed Ijyb
  4379 | D:5      | Found Difeq's Armour Shoppe.
  4382 | D:5      | Bought a +1 plate armour of cold resistance for 525 gold
                  | pieces
  4382 | D:5      | Bought a +2 pair of boots of rampaging for 322 gold pieces
  4531 | D:6      | Noticed Eustachio
  4547 | D:6      | Found a white marble altar of Elyvilon.
  4556 | D:6      | Killed Eustachio
  4557 | D:6      | Reached skill level 7 in Armour
  4578 | D:6      | Identified the +0 chain mail of Saisathroate {Str+6}
  4619 | D:6      | Found a sand-covered staircase.
  4627 | Ossuary  | Entered an ossuary
  4643 | Ossuary  | Reached *** piety under Trog
  4708 | Ossuary  | Reached XP level 9. HP: 73/73 MP: 14/14
  5103 | D:6      | Found Utishrur's Distillery.
  5111 | D:6      | Bought a potion of heal wounds for 70 gold pieces
  5111 | D:6      | Bought a potion of resistance for 140 gold pieces
  5111 | D:6      | Bought a potion of curing for 42 gold pieces
  5424 | D:7      | Reached **** piety under Trog
  5507 | D:7      | Found a staircase to the Ecumenical Temple.
  5808 | D:7      | Noticed Joseph
  5827 | D:7      | Killed Joseph
  5828 | D:7      | Reached skill level 8 in Armour
  5828 | D:7      | Reached skill level 5 in Invocations
  6236 | D:7      | Found a glowing silver altar of Zin.
  6503 | D:8      | Found Ketuegok's Changing Room.
  6675 | D:8      | Found a sacrificial altar of Ru.
  6775 | D:8      | Found a shadowy altar of Dithmenos.
  6795 | D:8      | Reached XP level 10. HP: 67/78 MP: 17/17
  6942 | D:8      | Reached skill level 5 in Short Blades
  6942 | D:8      | Reached skill level 5 in Long Blades
  6942 | D:8      | Reached skill level 5 in Axes
  6942 | D:8      | Reached skill level 5 in Maces & Flails
  6942 | D:8      | Reached skill level 5 in Polearms
  6942 | D:8      | Reached skill level 5 in Staves
  6942 | D:8      | Reached skill level 5 in Ranged Weapons
  6942 | D:8      | Reached skill level 5 in Throwing
  6942 | D:8      | Reached skill level 5 in Stealth
  6942 | D:8      | Reached skill level 5 in Shields
  6942 | D:8      | Reached skill level 5 in Spellcasting
  6942 | D:8      | Reached skill level 5 in Evocations
  7109 | D:8      | Reached ***** piety under Trog
  7525 | D:9      | Found Foepor's Weapon Boutique.
  7557 | D:9      | Noticed Erica
  7584 | D:9      | Killed Erica
  7585 | D:9      | Reached skill level 9 in Armour
  7998 | D:9      | Noticed Grum
  8019 | D:9      | Killed Grum
  8022 | D:9      | Reached XP level 11. HP: 87/87 MP: 19/19
  8225 | D:9      | Found Epsusm's Book Boutique.
  8515 | D:10     | Entered Level 10 of the Dungeon
  8528 | D:10     | Noticed Fannar
  8542 | D:10     | Killed Fannar
  8543 | D:10     | Reached skill level 5 in Conjurations
  8543 | D:10     | Reached skill level 5 in Hexes
  8543 | D:10     | Reached skill level 5 in Summonings
  8543 | D:10     | Reached skill level 5 in Necromancy
  8543 | D:10     | Reached skill level 5 in Translocations
  8543 | D:10     | Reached skill level 5 in Transmutations
  8543 | D:10     | Reached skill level 5 in Fire Magic
  8543 | D:10     | Reached skill level 5 in Ice Magic
  8543 | D:10     | Reached skill level 5 in Air Magic
  8543 | D:10     | Reached skill level 5 in Earth Magic
  8543 | D:10     | Reached skill level 5 in Poison Magic
  8543 | D:10     | Reached skill level 5 in Shapeshifting
  8548 | D:10     | Reached skill level 10 in Armour
  8567 | D:10     | Found a staircase to the Lair.
 10106 | D:11     | Noticed a cyclops
 10115 | D:11     | Killed a cyclops
 10382 | D:11     | Reached XP level 12. HP: 38/97 MP: 22/22
 10569 | D:11     | Noticed a two-headed ogre
 10572 | D:11     | Noticed a two-headed ogre
 10574 | D:11     | Killed a two-headed ogre
 10575 | D:11     | Reached skill level 11 in Armour
 10580 | D:11     | Killed a two-headed ogre
 11069 | D:11     | Found a staircase to the Orcish Mines.
 11663 | Lair:1   | Entered Level 1 of the Lair of Beasts
 11748 | Lair:1   | Reached skill level 10 in Fighting
 11748 | Lair:1   | Reached skill level 10 in Unarmed Combat
 11795 | Lair:1   | Found a gate leading to a gauntlet.
 11806 | Gauntlet | Entered a Gauntlet
 11806 | Gauntlet | Found a transporter.
 12018 | Gauntlet | Found a transporter.
 12021 | Gauntlet | Found a transporter.
 12022 | Gauntlet | Found a transporter.
 12033 | Gauntlet | Found a transporter.
 12033 | Gauntlet | Found a transporter.
 12034 | Gauntlet | Found a transporter.
 12046 | Gauntlet | Found a transporter.
 12047 | Gauntlet | Found a transporter.
 12047 | Gauntlet | Found a transporter.
 12059 | Gauntlet | Found a transporter.
 12060 | Gauntlet | Found a transporter.
 12061 | Gauntlet | Found a transporter.
 12068 | Gauntlet | Found a transporter.
 12390 | Gauntlet | Received a gift from Trog
 12452 | Gauntlet | HP: 4/145 [wolf spider (4)]
 12452 | Gauntlet | Slain by a redback

Illustrated notes

Levels and vault maps discovered:
D:1:      dpeg_arrival_more_subterranean_lakeside_camping, layout_rooms
D:2:      layout_basic, shapermc_ecumenical_altar_mp_ritualfount
D:3:      layout_basic, lemuel_coloured_pillars_altar, gammafunk_ghost_split,
          cheibrodos_sewer_entry_drain, uniq_crazy_yiuf_cottage
D:4:      layout_basic, lemuel_zombie_altar_yredelemnul,
          mainiacjoe_overflow_catwalk_spiral, uniq_sigmund
D:5:      layout_gridville, serial_shops, shop, uniq_ijyb
D:6:      layout_rooms, mainiacjoe_overflow_small_starburst,
          nicolae_ossuary_entry_plus, serial_shops, shop, uniq_eustachio
D:7:      layout_loops_cross, zin_treasury, minmay_temple_entry_junction,
          uniq_joseph
D:8:      layout_loops_ring, mainiacjoe_overflow_24_doors,
          grunt_dithmenos_smoke_and_mirrors, nicolae_transmutations_shop
D:9:      layout_small_grid, serial_shops, shop_fountains,
          nicolae_shop_temple_entry_statues_fountains, hangedman_glass_teeth,
          uniq_grum, uniq_erica
D:10:     layout_long_grid, hellmonk_lair_entry_icy, mrwooster_statue_mirror,
          uniq_fannar
D:11:     layout_irregular_city, david_orc_4, serial_column_ruins,
          column_ruins_open_tiny, column_ruins_open_tiny,
          column_ruins_open_tiny, column_ruins_grid_3, column_ruins_open_medium
Lair:1:   layout_cave_pods, gauntlet_entry_generic, serial_bayou_shore_a
Gauntlet: gammafunk_gauntlet_77_escape_option [minmay_gauntlet_arena_77_museum,
          minmay_gauntlet_arena_77_box, minmay_gauntlet_arena_77_hold_the_fort,
          minmay_gauntlet_arena_77_block_sizes, minmay_gauntlet_arena_77_mirror,
          gauntlet_exit_watery]

Skill      XL: |  1  2  3  4  5  6  7  8  9 10 11 12 |
---------------+-------------------------------------+-----
Invocations    | 1 2 3 4 5 6 7 8 |  8.4
Short Blades   | 1 2 3 4 5 7 |  7.7
Long Blades    | 1 2 3 4 5 7 |  7.7
Axes           | 1 2 3 4 5 7 |  7.7
Maces & Flails | 1 2 3 4 5 7 |  7.7
Polearms       | 1 2 3 4 5 7 |  7.7
Staves         | 1 2 3 4 5 7 |  7.7
Ranged Weapons | 1 2 3 4 5 7 |  7.7
Throwing       | 1 2 3 4 5 7 |  7.7
Stealth        | 1 2 3 4 5 7 |  7.7
Shields        | 1 2 3 4 5 7 |  7.7
Spellcasting   | 1 2 3 4 5 7 |  7.7
Evocations     | 1 2 3 4 5 7 |  7.7
Conjurations   | 1 2 3 4 5 6 |  6.4
Hexes          | 1 2 3 4 5 6 |  6.4
Summonings     | 1 2 3 4 5 6 |  6.4
Necromancy     | 1 2 3 4 5 6 |  6.4
Translocations | 1 2 3 4 5 6 |  6.4
Transmutations | 1 2 3 4 5 6 |  6.4
Fire Magic     | 1 2 3 4 5 6 |  6.4
Ice Magic      | 1 2 3 4 5 6 |  6.4
Air Magic      | 1 2 3 4 5 6 |  6.4
Earth Magic    | 1 2 3 4 5 6 |  6.4
Poison Magic   | 1 2 3 4 5 6 |  6.4
Shapeshifting  | 1 2 3 4 5 6 |  6.4
Armour         | 5 6 7 8 9 10 11 | 11.8
Dodging        | 5 6 7 8 9 |  9.0
Fighting       | 7 8 9 10 | 10.2
Unarmed Combat | 7 8 9 10 | 10.2

Action                     |  1- 3 |  4- 6 |  7- 9 | 10-12 || total
---------------------------+-------+-------+-------+-------++-------
  Melee: Unarmed           |    84 |   131 |   434 |   638 ||  1287
         Bite              |     9 |    17 |    53 |    80 ||   159
         Punch             |     2 |     3 |    16 |    39 ||    60
         Broad axe         |       |       |       |    37 ||    37
  Throw: Stone             |       |       |       |     5 ||     5
 Invoke: Berserk           |       |     4 |     2 |    13 ||    19
         Trog's Hand       |       |     1 |     5 |     8 ||    14
  Evoke: Wand              |       |       |       |     5 ||     5
    Use: Scroll            |       |     6 |    13 |     4 ||    23
         Potion            |       |       |       |     6 ||     6
   Stab: Invisible         |       |       |       |     3 ||     3
 Armour: Leather armour    |    13 |       |       |       ||    13
         Chain mail        |    16 |     1 |       |       ||    17
         Plate armour      |       |    81 |   217 |   400 ||   698
         Scale mail        |       |       |       |    20 ||    20
  Dodge: Dodged            |    54 |    30 |   106 |   320 ||   510

Table legend: (Time is in decaauts)
 A = Elapsed time spent in this place.
 B = Non-inter-level travel time spent in this place.
 C = Inter-level travel time spent in this place.
 D = Time resting spent in this place.
 E = Time spent auto-exploring this place.
 F = Levels seen in this place.
 G = Mean time per level.
                   A        B        C        D        E       F      G
               +--------+--------+--------+--------+--------+-----+--------+
         Total |  12449 |  11977 |    472 |    968 |   8396 |  15 |  829.9 |
       Dungeon |  11059 |  10587 |    472 |    789 |   7715 |  11 | 1005.4 |
          Lair |    146 |    146 |      0 |      0 |      0 |   1 |  146.0 |
         Sewer |    347 |    347 |      0 |    147 |    110 |   1 |  347.0 |
       Ossuary |    244 |    244 |      0 |     28 |     74 |   1 |  244.0 |
      Gauntlet |    650 |    650 |      0 |      3 |    497 |   1 |  650.0 |
               +--------+--------+--------+--------+--------+-----+--------+

Top non-repeatable levels by time:
    D:10: 1601 daAuts
    D:11: 1410 daAuts
     D:9: 1166 daAuts
     D:8: 1112 daAuts
     D:4: 1109 daAuts
     D:7: 1011 daAuts
     D:5: 909 daAuts
     D:3: 863 daAuts
     D:2: 731 daAuts
Gauntlet: 650 daAuts
     D:6: 607 daAuts
     D:1: 535 daAuts
   Sewer: 347 daAuts
 Ossuary: 244 daAuts
  Lair:1: 146 daAuts
